Workbook
Name __1Excel_BuiltIn_Print_Area_1_1: #REF!
Name __DAT1: #REF!
Name __DIA1: #REF!
Name __DIA2: #REF!
Name __EE1: #REF!
Name __GT1: #REF!
Name __GTO1: #REF!
Name __INC1: #REF!
Name __INI1: #REF!
Name __MA1: #REF!
Name __MES1: #REF!
Name __RC: #REF!
Name _1Excel_BuiltIn_Print_Area_1_1: #REF!
Name _DAT1: #REF!
Name _DIA1: #REF!
Name _DIA2: #REF!
Name _EE1: #REF!
Name _MA1: #REF!
Name _MES1: #REF!
Name _RC: #REF!
Name _Toc124048707: 'Todo Riesgo Daños Materiales'!#REF!
Name Excel_BuiltIn_Print_Area_2: #REF!
Name MARCA: #REF!
Name TIPO: #REF!
Name valores: "$#REF!.$A$1:$CG$31"

Sheet Todo Riesgo Daños Materiales
A1: ANEXO Nº 1 (ESPECIFICACIONES TECNICAS POLIZA TODO RIESGO DAÑOS MATERIALES)
A2: TOMADOR: | B2: MUNICIPIO DE CARTAGO
A3: ASEGURADO : | B3: =+B2 -> MUNICIPIO DE CARTAGO
A4: BENEFICIARIO: | B4: =+B2 -> MUNICIPIO DE CARTAGO
A5: NIT | B5: 891.900.493-2
A6: RAMO: | B6: TODO RIESGO DAÑOS MATERIALES
A7: INTERMEDIARIO: | B7: RODRIGO GOMEZ Y CIA
A8: VIGENCIA | B8: DESDE LAS 00:00 HORAS DEL 28 DE JUNIO DE 2026 HASTA LAS 00:00 HORAS DEL 01 DE FEBRERO DE 2027
A9: CONDICIONES MINIMAS REQUERIDAS OBLIGATORIAS
A10: BIENES ASEGURADOS | B10: VALOR ASEGURADO | C10: TASA | D10: PRIMA NETA
A11: EDIFCIOS VER RELACION | B11: 86899030301
A12: Adecuacion a Normas Sismoresistente 10% Vr. Asegurado del Edificio | B12: =B11*10% -> 8.689903e+09
A13: CONTENIDOS INCLUYYE (MUEBLES Y ENSERES, MAQUINARIA Y EQUIPO, MERCANCIAS PROPIAS, INCLUYE VACUNAS, AVISOS, EQUIPOS DE DIAGNOSTICO, EQUIPOS ELECTRICOS Y ELECTRONICOS Y DE OFICINA, SOFTWARE, EQUIPOS DE COMUNICACIÓN, PPLANTAS DE POTABILIZACION DE AGUA ENERGIA SOLAR (3), EQUIPOS MOVILES Y ORTATILLES, DINERO DENTRO Y FUERA DE CAJA FUERTE | B13: 9012187322
A14: SUBTOTAL | B14: =SUM(B11:B13) -> 1.0460112e+11
A15: Indice variable 5% | B15: =+B14*0.05 -> 5.230056e+09
A17: TOTAL | B17: =SUM(B14:B16) -> 1.0983118e+11
A18: PRIMA NETA
A19: IVA
A20: TOTAL
A21: OBJETO DEL SEGURO | B21: Amparar las pérdidas y/o daños materiales que sufran los bienes de propiedad del ASEGURADO, o bajo su responsabilidad, tenencia o control y, en general, dados y recibidos a cualquier título y/o por los que tenga algún interés asegurable.
A22: COBERTURA OBLIGATORIA
A23: Modalidad de la póliza: Todo Riesgo pérdida y/o daño material con exclusiones. La aseguradora se obliga a indemnizar al asegurado los daños y/o pérdidas que sufran los intereses asegurados, así como los costos y/o gastos en que incurra, o todos combinados, como consecuencia de los riesgos que a continuación se enuncian y sujeto a los riesgos excluidos: Todo riesgo para las pérdidas y/o daños materiales que sufran los intereses asegurados por cualquier riesgo y/o causas, incluidos, pero no limitados a: Incendio, explosión, anegación, daños por agua; extended coverage; huelga, asonada, motín, conmoción civil o popular, actos malintencionados de terceros, incluidos sabotaje y los actos terroristas, cometidos o no por movimientos subversivos (tomas a poblaciones, municipios y ciudades y los actos de la autoridad para repelerlos; también se amparan las pérdidas materiales que sufran los bienes asegurados causados directa o indirectamente por cohetes, misiles o similares); terremoto, temblor y/o erupción volcánica, maremoto, tsunami, y/o eventos de la naturaleza tales como ciclón, huracán, tempestad, vientos, inundación, desbordamiento, alza en el nivel de aguas y enfangamiento, hundimiento, deslizamiento del terreno, derrumbes, aludes, desprendimiento de tierra y rocas, siempre y cuando sea por un evento subito, accidental e imprevisto amparado bajo la poliza, y las pérdidas y/o daños consecuenciales originados por tales fenómenos; ; daño interno de equipos eléctricos y electrónicos: coberturas de todo riesgo daño material por rotura de maquinaria y equipos eléctricos y electrónicos (explosión física o química interna, caída directa de rayo, rotura debido a fuerza centrifuga, cuerpo extraños, acción directa de la energía eléctrica y/o rayo, impericia, descuido, negligencia; sabotaje individual; defecto de mano de obra, falta de agua en aparatos generadores de vapor, otros accidentes ocurridos a los equipos por causas no expresamente excluidas en la póliza); rotura de vidrios, sustracción con violencia y sustracción sin violencia, y demás amparos y/o cobertura que no se encuentren expresamente excluidas.
A24: La cobertura de Hurto simple y calificado se extiende a amparar los equipos moviles y portatiles , kit de emergencias, herramientas, equipos y similares dentro y/o fuera de los predios del asegurado y en aquellos donde ejerza su actividad y cuando estan siendo transportados en vehiculos del asegurado, de sus empleados y/o de terceros contratistas y/o subcontratistas del mismo.
A25: BIENES ASEGURADOS (INTERES ASEGURABLE) OBLIGATORIA
A26: Todos los bienes de propiedad real o personal del ASEGURADO, o en los que tuviere interes asegurable , o los recibidos a cualquier titulo, los tomados en arriendo, los recibidos en dacion de pagos o los recibidos a cualquier titulo, los de terceros o aquellos por los cuales sea o pueda llegar a ser responsable, que se encuentren bajo su cuidado, control y custodia, utilizados en el desarrollo del objeto social del asegurado, consistentes principalmente en, pero no limitados a : edificios, estructuras,cimientos, muros de contencion, cercas, escaleras externas, vidrios planos, patios, estacionamientos, vias de acceso corresponde a la entradas vehiculares o peatonales de los edificios amparados , otras construcciones separadas de las edificaciones, instalaciones subterraneas, instalaciones electricas, de cableado estructural, de aires acondicionados, electronicas, de comunicacion, para conduccion de gas sean o no subterraneas y en general todo tipo de equipo que se encuentren por debajo del nivel del suelo, instalaciones fijas de proteccion contra incenido, alarmas, camaras y circuitos cerrados de television, maquinaria, equipos, herramientas, ascensores, subestaciones y /o plantas electricas, muebles, enseres, aviso, , equipos de oficina, equipos de comunicacion, de audiovisuales, de sistemas, de laboratorios, mejoras locativas (acabados y obras realizadas en el edificio, plantas de tratamiento, semaforizacion, mercancías, repuestos, insumos, vacunas, armas de fuego, equipos moviles vehículos inmovilizados ( en reposo, nuevos y/o usados), dinero en efectivo, medallas, plata labrada, obras de arte, estatuas, frescos, colecciones, y muebles que tengan valor artístico, científico e histórico, manuscritos, planos, croquis, patrones, sellos, monedas, libros de comercio, títulos valores y billetes de bancos, instrumentos musicales, equipos de sonidos, bienes que por su naturaleza deben permanecer a la intemperie y demás bienes aunque no hayan determinado especificamente, localizados dentro y/o fuera de los predios donde el asegurado desarrolle su actividad en el territorio de la Republica de colombia.
A27: DIRECCION UBICACIÓN RIESGOS | B27: VER RELACION DE EDIFICIOS
A28: COBERTURAS SUBLIMITADAS
A29: Terremoto, temblor, erupcion volcanica y eventos de la naturaleza | B29: 1
A30: Actos Mal intencionados de terceros ,sabotaje y Terrorismo, Huelga, Motín, Asonada, conmoción civil o popular | B30: Sublimite $35.000.000.000
A31: Sustraccion con violencia y sin violencia: Contenidos en General | B31: 4000000000
A32: Rotura de Maquinaria. | B32: 800000000
A33: Equipo Eléctrico y Electrónico | B33: 6000000000
A34: Equipos móviles y portátiles | B34: 400000000
A35: Hurto de dinero en efectivo dentro y fuera de caja fuerte | B35: 50000000
A36: CLAUSULAS PARTICULARES Y CONDICIONES ESPECIALES OBLIGATORIAS
A38: CONVENIO PARA EL PLAZO DEL PAGO DE LA PRIMA: No obstante cualquier estipulación en contrario, por la presente cláusula se deja establecido que, de acuerdo con lo estipulado en el artículo 81 de la Ley 45/90 y la Resolución numero 03750 de Diciembre 31/74 de la Superintendencia Financiera, las partes contratantes convienen que las primas causadas por el presente Contrato de seguros y los Certificados o Anexos que se emitan en aplicación al mismo serán pagadas por EL TOMADOR, mínimo dentro de los NOVENTA (90) días contados a partir de la fecha en que el respectivo documento sea recibido en sus oficinas, directamente por la Aseguradora y/o por el intermediario de seguros, quien deberá certificar haber recibido a satisfacción las respectivas pólizas en las condiciones contratadas; Si las pólizas no han sido correctamente elaboradas, el término para el pago solo empezará a contarse desde la fecha en que se presenten en debida forma. La demora en el pago originada por la presentación incorrecta de los documentos requeridos será responsabilidad del contratista y no tendrán por ello derecho al pago de intereses o compensación de ninguna naturaleza o a la aplicación de la terminación del contrato por mora en el pago de la prima.
A39: DOCUMENTO PARA SUSTENTAR RECLAMO.: Para la demostración de la propiedad de los bienes del asegurados, MUNICIPIO DE CARTAGO. aportará la factura de compra o en su defecto la certificación expedida y firmada por el jefe del departamento de Gestión de Servicio Administrativo o quien haga sus veces donde conste que el bien materia del siniestro se encontraba incluido en su sistema de inventarios. En los casos de hurto el asegurado aportará copia al carbón del denuncio o fotocopia SIMPLE de este o en su defecto una constancia de la fiscalía de que conoce el caso.
A40: GARANTIAS:La compañía Aseguradora acepta como cumplimiento de garantía, el mantenimiento preventivo y correctivo realizado a los equipos y/o instalaciones directamente por empleados del asegurado o personal a su servicio.
A41: CLAUSULA DE REPOSICION O REEMPLAZO
A42: DEDUCIBLES PARA EQUIPOS MOVILES: El deducible que figura en la póliza para equipos móviles y portátiles solo opera cuando dichos bienes se encuentran fuera de los predios descritos en la póliza. En los demas casos se aplicara el que corresponda a los equipos dentro de los predios.
A43: HURTO CALIFICADO Y HURTO EN PREDIOS: Queda convenido que la definición de establecimiento comprende los predios que forman parte de dicho establecimiento.
A44: HURTO SIMPLE: para equipos móviles dentro Y/O Fuera de los predios del asegurado.
A45: SE AMPARAN LOS CIMIENTOS - Incluido dentro del valor asegurado. Hasta por la suma de $ 500.000.000
A46: TERREMOTO, TEMBLOR Y ERUPCION VOLCANICA, MAREMOTO, TSUNAMI Y EVENTOS DE LA NATURALEZA : SE AMPARA AL 100% MENOS EL DEDUCIBLE RESPECTIVO
A47: SE AMPARAN LOS HUNDIMIENTOS, DESPLAZAMIENTOS, AGRIETAMIENTOS O ASENTAMIENTOS DE CIMIENTOS, MUROS, PISOS, TECHOS Y PAVIMENTOS, VIBRACIONES O MOVIMIENTOS NATURALES DEL SUELO, CUANDO CORRESPONDAN A UN HECHO SUBITO E IMPREVISTO CUBIERTO POR LA POLIZA
A48: BIENES A LA INTEMPERIE: SE ampara todo tipo de bienes de propiedad del asegurado y/o bajo su responabilidad, cuidado, tenencia o control que por su naturaleza deban permanecer a la intemperie.
... A136: PERDIDA DE CONTENIDOS EN TANQUES : Este contrato de seguro se extiende a cubrir las pérdidas ó daños de bienes contenidos en tanques, , como consecuencia de eventos cubiertos bajo la póliza, que afecten los equipos que la contienen $ 100.000.000
A138: DEDUCIBLES | C138: PROPUESTA ASEGURADORA
A139: TERREMOTO, TEMBLOR Y/O ERUPCION VOLCANICA Y/O EVENTOS DE LA NATURALEZA: % DEL VALOR PERDIDA, MINIMO SMMLV
A140: ASONADA, MOTIN, CONMOCION CIVIL POPULAR O HUELGAS: % DEL VALOR DE LA PERDIDA, MINIMO SMMLV
A141: Actos mal intencionados de Terceros, sabotaje y terrorismo: % DEL VALOR DE LA PERDIDA, MINIMO SMMLV PARA
A142: Demas amparos : % DEL VALOR DE LA PERDIDA, MINIMO SMMLV
A143: ROTURA DE MAQUINARIA % DEL VALOR DE LA PERDIDA, MINIMO SMMLV -
A144: Equipo Electronico-Equipo movil y portatil
A145: TERREMOTO, TEMBLOR, ERUPCION VOLCANICA Y/ EVENTOS DE LA NATURALEZA: % DEL VALOR PERDIDA, MINIMO SMMLV
A146: ASONADA, MOTIN, CONMOCION CIVIL POPULAR O HUELGAS: % DEL VALOR DE LA PERDIDA, MINIMO SMMLV
A147: Actos mal intencionados de Terceros, sabotaje y terrorismo: % DEL VALOR DE LA PERDIDA, MINIMO SMMLV
A148: Hurto Simple y Hurto calificado: % DEL VALOR DE LA PERDIDA, MINIMO SMMLV -
A149: Demas amparos : % DEL VALOR DE LA PERDIDA, MINIMO SMMLV
A150: Sustracción con Violencia: % DEL VALOR DE LA PERDIDA, MINIMO SMMLV | B150: 10% vr perdida minimo 1 smmlv
A151: Sustracción sin Violencia: % DEL VALOR DE LA PERDIDA, MINIMO SMMLV - | B151: 12% vr perdida minim 1 smmlv
A152: REGISTRO SUPERBANCARIA - POLIZA: ANEXAR CONDICIONADO Y TEXTOS DE CLAUSULAS
A153: NOTA: SE DEBE DILIGENCIAR UNICAMENTE LA PARTE SOMBREADA EN GRIS. LAS DEMAS AREAS DEL CUADRO NO DEBEN SER MODIFICADAS

Sheet RELACION DE EDIFICIOS
A2: RELACIION DE EDIFICIOS ASEGURADOS
A4: NO. | B4: BIEN ASEGURADO | C4: DIRECCION | D4: VALOR ASEGURADO
A5: 1 | B5: ALCALDIA MUNICIPAL | C5: CALLE 8 NO. 6-48 | D5: =3241803789*1.05 -> 3.403894e+09
A6: 2 | B6: EDIFICIO INCAVI | C6: CRA. 4 NO.8-67 CARTAGO | D6: =204861424*1.05 -> 2.151045e+08
A7: 3 | B7: ESCUELA HERNANDO BOTERO OBYRNE BARRIO HORIZONTE | C7: DIAGONAL 2ª N° 1-27 | D7: =218061821*1.05 -> 2.2896491e+08
A8: 4 | B8: EDIFICIO CARTAGO | C8: CRA. 4 NO.33-33 | D8: =566140268*1.05 -> 5.9444728e+08
A9: 5 | B9: TRANSITO MUNICIPAL CARTAGO | C9: EDIFICIO CALLE 10 CON 6 | D9: =1223566515*1.05 -> 1.2847448e+09
A10: 6 | B10: EDIFICIO SANTA ANA | C10: ESTADIO ALFONSO LÓPEZ | D10: =2424934969*1.05 -> 2.5461817e+09
A11: 7 | B11: EDIFICIO AGUAPARQUE CARTAGO | C11: CALLE 4 CAR. 22 | D11: =2819318127*1.05 -> 2.960284e+09
A12: 8 | B12: EDIFICIO PALO QUEMAO C ZARAGOZA | C12: CALLE 10 NO.57-164 CARTAGO | D12: =1431715640*1.05 -> 1503301422
A13: 9 | B13: EDIFICIO COLISEO DEL CAFÉ CARTAGO | C13: CALLE 20 CAR. 34 | D13: =1985262048*1.05 -> 2.0845252e+09
A14: 10 | B14: EDIFICIO CLUB DEL RIO | C14: CALLE 9 CAR. 3 CARTAGO | D14: =975601781*1.05 -> 1.0243819e+09
A15: 11 | B15: EDIFICIO COLISEO LA ISLETA | C15: CAR. 3 CALLE 10 CARTAGO | D15: =18879085059*1.05 -> 1.9823039e+10
A16: 12 | B16: EDIFICIO CASA DE LA JUSTICIA | C16: CAR. 2 CALLE 31 CARTAGO | D16: =669751966*1.05 -> 7.0323956e+08
A17: 13 | B17: CASA DEL VIRREY | C17: CALLE 13 NO. 4-53 CARTAGO | D17: =2474965206*1.05 -> 2.5987135e+09
A18: 14 | B18: PEDRO MORALES LOCALES COMER. * NO TIENE AVALUO | C18: CALLE 13 NO. 423/29 | D18: =1899579189*1.05 -> 1.9945581e+09
A19: 15 | B19: INCAVI | C19: CRA. 4 N. 8-87/89 | D19: =106280220*1.05 -> 111594231
A20: 16 | B20: CASA | C20: CALLE 5 NO. 27-25 | D20: =6417873*1.05 -> 6738766.7
A21: 17 | B21: BARRIO BELLAVISTA | C21: KR 8 C 1 ESQ | D21: =62349274*1.05 -> 65466738
A22: 18 | B22: KR 6 19 5 4 | C22: KR 6 19 5 4 | D22: =35954675*1.05 -> 37752409
A23: 19 | B23: FAMILIAS EN ACCION-COMISARIA DE FAMILIA E INSPECCION PRIMERA | C23: CRA. 2N NO. 12-35 | D23: =272876727*1.05 -> 2.8652056e+08
A24: 20 | B24: EDIFICIO INSPECCION | C24: CORREG.PIEDRAS DE MOLER | D24: =13662290*1.05 -> 14345404
A25: 21 | B25: SECRETARIA DE SALUD MUNICIPAL | C25: CALLE 11 CAR. 1N AV. DEL RIO | D25: =487685418*1.05 -> 5.1206969e+08
A26: 22 | B26: EDIFICIO CASA DE LA CULTURA | C26: CALLE 10 NO 3-60 | D26: =767495748*1.05 -> 8.0587054e+08
A27: 23 | B27: EDIFICIO ESTACIÓN FERROCARRIL | C27: CALLE 6 NO. 9-08 | D27: =4250578761*1.05 -> 4.4631077e+09
A28: 24 | B28: PLAZA DE MERCADO (GALERÍA) | C28: CRA 6 # 12-63 | D28: =4675887235*1.05 -> 4.9096816e+09
A29: 25 | B29: KR 14A 1A 75 / 77 CASA | C29: KR 14A 1A 75 / 77 | D29: =15777271*1.05 -> 16566135
A30: 26 | B30: CAI GUAYACANES | C30: CRA 12AN # 18-02 | D30: =130048114*1.05 -> 1.3655052e+08
A31: 27 | B31: ARCHIVO ADMINISTRATIVO | C31: CRA 6 #89-91 / 8-103 | D31: =182325938*1.05 -> 1.9144223e+08
A32: 28 | B32: EJECUCIONES FISCALES | C32: CRA 6 #8-75 | D32: =364651875*1.05 -> 3.8288447e+08
A33: 29 | B33: ESCUELA LA ESPERANZA | C33: CRA 4 N° 3E 64 | D33: =182325938*1.05 -> 1.9144223e+08
A34: 30 | B34: ESCUELA PRIMERO DE MAYO BARRIO LA ARENERA. | C34: CR 2N NO. 1 B 50 | D34: =68457312*1.05 -> 71880178
A35: 31 | B35: ESTACIÓN , Barrio Berlin AREA TOTAL 330M2 | C35: CALLE #13-09 | D35: =62627513*1.05 -> 65758889
A36: 33 | B36: CDI SUEÑOS Y SONRISAS | C36: Cra 1 N° 40-79 | D36: =926100000*1.05 -> 972405000
A37: 34 | B37: santa ana casa fundacion | C37: Cra 2 N° 51 05 | D37: =92610000*1.05 -> 97240500
A38: 36 | B38: PARQUE SAN VICENTE | C38: Cra. 3b CALLE 1a | D38: =463050000*1.05 -> 486202500
A39: 37 | B39: PARQUE GUADALUPE | C39: calle 8 carrera 4 | D39: =752456250*1.05 -> 7.9007906e+08
A40: 38 | B40: CASETA COMUNAL LOS ANGELES | C40: cra 1g urbanización los ángeles | D40: =868218750*1.05 -> 9.1162969e+08
A41: 39 | B41: PARQUE SUEÑOS DE LIBERTAD AREA: 6459m2 | C41: Cra 3 norte entre calles 15 y 16 | D41: =1682347472*1.05 -> 1.7664648e+09
A42: 40 | B42: PARQUE SAN FRANCISCO AREA: 1300m2 | C42: Cra 4 con calle 10 esquina | D42: =752456250*1.05 -> 7.9007906e+08
A43: 41 | B43: PARQUE LINEAL AREA: 8989m2 | C43: Cra 2 entre calles 17 y 20 | D43: =832471290*1.05 -> 8.7409485e+08
A44: 42 | B44: Antiguo CDA CARTAGO | C44: calle 10 N° 14-141 Barrio la Floresta | D44: =926100000*1.05 -> 972405000
A45: 43 | B45: BIBLIOTECA COMFANDI AREA: 742m2 | C45: Cra 4 # 14-50 | D45: =833189018*1.05 -> 8.7484847e+08
A46: 44 | B46: ALFONSO LOPEZ PUMAREJO SEDE PRINCIPAL | C46: Cll 11 6-37 | D46: =1719073125*1.05 -> 1.8050268e+09
A47: 45 | B47: ALFONSO LOPEZ PUMAREJO POLICARPA SALAVARRIETA | C47: cll 12 5-31 | D47: =797487863*1.05 -> 8.3736226e+08
A48: 46 | B48: ALFONSO LOPEZ PUMAREJO MERCEDES ABREGO | C48: cll 5 9-15 | D48: =787786965*1.05 -> 8.2717631e+08
A49: 47 | B49: ALFONSO LOPEZ PUMAREJO FRANCISCO JOSE DE CALDAS | C49: cll 4 3-02 | D49: =185796034*1.05 -> 1.9508584e+08
A50: 48 | B50: ALFONSO LOPEZ PUMAREJO HELIODORO PEÑA | C50: cll 5 12-02 | D50: =231525000*1.05 -> 243101250
A51: 49 | B51: ALFONSO LOPEZ PUMAREJO FRANCISCO DE PAULA SANTANDER | C51: cll 6 3-40 | D51: =59537233*1.05 -> 62514095
A52: 50 | B52: ALFONSO LOPEZ PUMAREJO CENTRO EDUCATIVO KENNEDY | C52: cra 8 17-70/ 6-73 | D52: =324019238*1.05 -> 3.402202e+08
A53: 51 | B53: ANTONIO HOLGUIN GARCES PRINCIPAL | C53: cll 48 2AN 45 | D53: =1160461181*1.05 -> 1.2184842e+09
A54: 52 | B54: ANTONIO HOLGUIN GARCES LUIS CARLOS PEÑA | C54: Rural vereda Guayabito | D54: =115762500*1.05 -> 121550625
A55: 53 | B55: ANTONIO HOLGUIN GARCES FABIO SALAZAR GOMES | C55: Rural Vereda Guanábano | D55: =115762500*1.05 -> 121550625
A56: 54 | B56: CIUDAD CARTAGO PRINCIPAL | C56: Cra 3 cll 2 este | D56: =1026118800*1.05 -> 1077424740
A57: 55 | B57: CIUDAD CARTAGO SAN JUAN BOSCO | C57: cll 2 3 A 24 | D57: =293620005*1.05 -> 3.0830101e+08
A58: 56 | B58: IDALECIO PENILLA PRINCIPAL | C58: Cll 43 2-199 | D58: =206381385*1.05 -> 2.1670045e+08
A59: 57 | B59: IDALECIO PENILLA MANUELA BELTRAN | C59: Cll 52 3-54 | D59: =137213291*1.05 -> 1.4407396e+08
A60: 58 | B60: IDALECIO PENILLA ROBERTO DELGADO | C60: Cra 57 2-30 | D60: =191644819*1.05 -> 2.0122706e+08
A61: 59 | B61: GABO PRINCIPAL | C61: Cra 11 16-05 | D61: =517245372*1.05 -> 5.4310764e+08
A62: 60 | B62: GABO ESCUELA GABO | C62: Cll 14 12-12 | D62: =200269125*1.05 -> 2.1028258e+08
A63: 61 | B63: GABO MARIA INMACULADA | C63: Cll 11 6-76 | D63: =310938075*1.05 -> 3.2648498e+08
A64: 62 | B64: LAZARO DE GARDEA PRINCIPAL | C64: Cll 5 25-62 | D64: =304963283*1.05 -> 3.2021145e+08
A65: 63 | B65: MANUEL QUINTERO PENILLA PRINCIPAL | C65: Cll 9 9-39 | D65: =611692754*1.05 -> 6.4227739e+08
A66: 64 | B66: NACIONAL ACADEMICO PRINCIPAL | C66: Cra 11 15-46 | D66: =2870910000*1.05 -> 3014455500
A67: 65 | B67: NACIONAL ACADEMICO CENTRO EDUCATIVO EMPERATRIZ BUENO | C67: Cll 5 17-100 | D67: =322282800*1.05 -> 338396940
A68: 66 | B68: RAMON MARTINEZ BENITES PRINCIPAL | C68: Cra 6 4-70 | D68: =21337344*1.05 -> 22404211
A69: 67 | B69: RAMON MARTINEZ BENITES ESCUELA CDV | C69: Cll 4 10-60 | D69: =575339625*1.05 -> 6.0410661e+08
A70: 68 | B70: RAMON MARTINEZ BENITES SAN JOSE | C70: Cra 11 5-84 | D70: =231525000*1.05 -> 243101250
A71: 69 | B71: SOR MARIA JULIANA PRINCIPAL | C71: Cll 20 5-111 | D71: =443601900*1.05 -> 465781995
A72: 70 | B72: SOR MARIA JULIANA LASTENIA DURAN | C72: Cll 20 cra 5 esquina | D72: =285809741*1.05 -> 3.0010023e+08
A73: 71 | B73: SOR MARIA JULIANA SOR MARIA ANASTASIA | C73: Cll 19 6-42 | D73: =243726368*1.05 -> 2.5591269e+08
A74: 72 | B74: SOR MARIA JULIANA RIGOBERTO OROZCO CARDONA | C74: Cll 21 entre cras 2 y 3 | D74: =231525000*1.05 -> 243101250
A75: 73 | B75: ZARAGOZAPRINCIPAL | C75: Cra 61 15A 161 | D75: =1651977180*1.05 -> 1734576039
A76: 74 | B76: ZARAGOZA ANTONIA SANTOS | C76: Cll 11 60-14 | D76: =310081433*1.05 -> 3.255855e+08
A77: 75 | B77: ZARAGOZA ANTONIO RICAURTE | C77: Cll 12 61-09 | D77: =295969984*1.05 -> 3.1076848e+08
A78: 76 | B78: ZARAGOZA NUEVA GRANADA | C78: Rural Vereda Coloradas | D78: =115762500*1.05 -> 121550625
A79: 77 | B79: ZARAGOZAJOSE MARIA CORDOBA | C79: Rural Vereda el Guayabo | D79: =9724050*1.05 -> 10210252
A80: 78 | B80: ZARAGOZA ANTONIO GUENDICA | C80: Rural corregimiento | D80: =138081510*1.05 -> 1.4498559e+08
A81: 79 | B81: Modin vereda chara | C81: modin vereda chara | D81: =115762500*1.05 -> 121550625
A82: 80 | B82: SANTA TERESITA | C82: Rural Vereda Oriente | D82: =115762500*1.05 -> 121550625
A83: 81 | B83: SIMON BOLIVAR | C83: Rural Corregimiento modin | D83: =115762500*1.05 -> 121550625
A84: 82 | B84: MARISCAL ROBLEDO | C84: Rural Corregimiento Piedras de moler | D84: =115762500*1.05 -> 121550625
A85: 83 | B85: ANTONIO GIRARDOT | C85: Rural Vereda Bellavista | D85: =115762500*1.05 -> 121550625
A86: 84 | B86: INDALECIO PENILLA SEDE ANTONIO NARIÑO BARRIO SAN CARLOS | C86: CALLE 37 # 1A -34 | D86: =441055125*1.05 -> 4.6310788e+08
A87: 85 | B87: EDIFICIO INSTITUCIONAL | C87: CALLE 10 # 7-51 | D87: =3751813617*1.05 -> 3.9394043e+09
A88: 86 | B88: TEATRINO | C88: CARRERA 22 # 15-47, | D88: =284298000*1.05 -> 298512900
A89: 87 | B89: PARQUE DE ALAMOS | C89: CARRERA 3C NORTE CON CALLE 19 Y 19 COMUNA 6 | D89: =315000000*1.05 -> 330750000
A90: 88 | B90: PARQUE LOS PERIODISTAS | C90: CARRERA 3 CALLE 9 | D90: =777000000*1.05 -> 815850000
A91: 89 | B91: PARQUE VILLA HELENA | C91: carrera 12N con CALLE 17 y 20 VILLA ELENA | D91: =315000000*1.05 -> 330750000
A92: 90 | B92: parque y POLIDEPORTIVO SAN JERONIMO | C92: TRANSVERSAL 7 CON CARRERA 18 | D92: =420000000*1.06 -> 445200000
A93: Total valor asegurados edificios | D93: =SUM(D5:D92) -> 8.689903e+10

Sheet Equipo y Maquinaria
A1: ANEXO No. 2 (ESPECIFICACIONES TECNICAS DE COBERTURAS REQUERIDAS TODO RIESGO EQUIPO Y MAQUINARIA)
A2: TOMADOR | B2: MUNICIPIO DE CARTAGO
A3: ASEGURADO | B3: =+B2 -> MUNICIPIO DE CARTAGO
A4: BENEFICIARIO | B4: MUNICIPIO DE CARTAGO
A5: NIT | B5: 891.900.493-2
A6: RAMO | B6: TODO RIESGO EQUIPO Y MAQUINARIA
A7: INTERMEDIARIO: | B7: ='Todo Riesgo Daños Materiales'!B7:D7 -> RODRIGO GOMEZ Y CIA
A8: VIGENCIA | B8: ='Todo Riesgo Daños Materiales'!B8:D8 -> DESDE LAS 00:00 HORAS DEL 28 DE JUNIO DE 2026 HASTA LAS 00:00 HORAS DEL 01 DE FEBRERO DE 2027
A9: CONDICIONES MINIMAS REQUERIDAS OBLIGATORIAS
A10: BIENES ASEGURADOS | B10: VALOR ASEGURABLE | C10: VALOR ASEGURADO | D10: AMPAROS | E10: PROPUESTA CIA | F10: TASA | H10: PRIMA
A11: TERRITORIO COLOMBIANO : MAQUINARIA Y EQUIPOS SEGÚN RELACION QUE FIGURA EN RELACIO ANEXA Y SUMINISTRADA POR EL MUNICIPIO DE CARTAGO | B11: 1576090848 | C11: =+B11 -> 1576090848 | D11: Perdidas o daños accidentales
D12: Huracan, Tempestad, ciclon, inundaciòn
D13: Terremoto, temblor y/o erupcion, volcanica, maremot, tsunami
D14: Hurto SIMPLE y Hurto calificado
D15: hmacc y amit
D16: Movilizacion y Trànsito en Colombia incluyendo por sus propios medios
A18: INDICE VARIABLE 5% | B18: =+B11*0.05 -> 78804542 | C18: =+B18 -> 78804542
A19: TOTAL VALOR ASEGURADO | B19: =SUM(B11:B18) -> 1.6548954e+09 | C19: =SUM(C11:C18) -> 1.6548954e+09
B20: 1000000000 | C20: 1000000000 | D20: R C EXTRACONTRACTUAL
A21: TOTAL VALOR ASEGURADO | B21: =SUM(B11:B18) -> 1.6548954e+09 | C21: =SUM(C11:C18) -> 1.6548954e+09 | D21: PRIMA NETA
D22: IMPOVENTAS
D23: TOTAL
A24: COBERTURA
A25: Este seguro cubre los daños y/o perdidas accidentales causados a la maquinaria y equipo objeto de este seguro, incluyendo sus equipos auxiliares ya sea que estén conectados o no al equipo o maquinaria del cual son accesorios, Siempre que dichas pérdidas no sean mayores que la suma total asegurada indicada en la caratula de la póliza Así mismo cubre las perdidas o daños materiales ocurridos a causa de los siguientes riesgos: a) Daños durante el montaje y/o desmontaje del equipo y/o traslado del mismo, dentro del terreno de la obra o viaje por sus propios medios de un sitio a otro sitio de operación. b) Daños causados por incendio, terremoto, temblor, erupcion volcanica, maremoto, tsunami, vientos fuertes, tempestad, ciclon, huracan, tifón, inundaciones, danos por agua, lluvia, granizo, helada, desbordamientos de agua, cambios del nivel del agua, maremotos, tsunami, enfangamiento, descargas eléctricas y/o atmosféricas, combustion espontanea, humo, hollin, gases, liquidos o polvos corrosivos. c) daños causados por colisión con objetos en movimiento y/o estacionarios, volcamientos y/o descarrilamientos, impacto de vehiculos terrestres, de aeronaves o parte de ellos. d) Accidentes que ocurran pese a un manejo correcto o inadecuado, así como los que sobrevengan a consecuencia de descuido, impericia o negligencia del conductor del equipo y/o maquinaria, siempre que no impliquen culpa grave directa o indirecta del asegurado. e) Hundimiento del terreno, deslizamiento de tierra, caída de rocas, aludes, f) Explosión g) Huelga, Asonada, Motín, conmoción civil. h) Actos mal intencionados de terceros, Terrorismo i)Hurto Calificado, Hurto simple j) Responsabilidad civil Extracontractual k) Movilización dentro del territorio nacional l) movilización por sus propios medios. m)Cualquier otra causa que oblique a la reparacion o reemplazo de los bienes asegurados ,causados por cualquier otro riesgo no excluido expresamente en la póliza o que se no haya pactado amparar. .
A26: DIRECCION UBICACIÓN RIESGOS: | D26: MUNICIPIO DE CARTAGO
A27: ACTIVIDAD: | D27: EMPRESA DEL ESTADO
A28: COBERTURAS SUBLIMITADAS
A29: TERREMOTO,TEMBLOR, ERUPCION VOLCANICA,MAREMOTO, TUSNAMI COBERTURA AL 100%
A30: HUELGA, MOTIN, ASONADA, CONMOCION CIVIL COBERTURA AL 100%
A31: ACTOS MAL INTENCIONADOS DE TERCEROS, TERRORISMO COBERTURA AL 100%
A33: CLAUSULAS PARTICULARES Y CONDICIONES ESPECIALES OBLIGATORIAS
A34: CONVENIO PARA EL PLAZO DEL PAGO DE LA PRIMA: No obstante cualquier estipulación en contrario, por la presente cláusula se deja establecido que, de acuerdo con lo estipulado en el artículo 81 de la Ley 45/90 y la Resolución numero 03750 de Diciembre 31/74 de la Superintendencia Financiera, las partes contratantes convienen que las primas causadas por el presente Contrato de seguros y los Certificados o Anexos que se emitan en aplicación al mismo serán pagadas por EL TOMADOR, mínimo dentro de los noventa(90) días contados a partir de la fecha en que el respectivo documento sea recibido en sus oficinas, directamente por la Aseguradora y/o por el intermediario de seguros, quien deberá certificar haber recibido a satisfacción las respectivas pólizas en las condiciones contratadas. Si las pólizas no han sido correctamente elaboradas, el término para el pago solo empezará a contarse desde la fecha en que se presenten en debida forma. La demora en el pago originada por la presentación incorrecta de los documentos requeridos será responsabilidad del contratista y no tendrán por ello derecho al pago de intereses o compensación de ninguna naturaleza o a la aplicación de la terminación del contrato por mora en el pago de la prima.
A35: DOCUMENTO PARA SUSTENTAR RECLAMO.: Para la demostración de la propiedad de los bienes del asegurados, MUNICIPIO DE CARTAGO. aportará la factura de compra o en su defecto la certificación expedida y firmada por el jefe del departamento de Gestión de Servicio Administrativo o quien haga sus veces donde conste que el bien materia del siniestro se encontraba incluido en su sistema de inventarios. En los casos de hurto el asegurado aportará copia al carbón del denuncio o fotocopia SIMPLE de este o en su defecto una constancia de la fiscalía de que conoce el caso.
A36: GARANTIAS:La compañía Aseguradora acepta como cumplimiento de garantía, el mantenimiento preventivo y correctivo realizado a los equipos y/o instalaciones directamente por empleados del asegurado o personal a su servicio.
A37: CLAUSULA DE REPOSIICION O REEMPLAZO
A38: NO SE EXIGE COMO GARANTIA EL CONTRATO DE MANTENIMIENTO PARA LOS EQUIPOS ASEGURADOS
A39: REVOCACIÓN , NO RENOVACIÓN O MODIFICACIONES DE LA PÓLIZA Y SUS ANEXOS : La Aseguradora deberá dar aviso por escrito aL ASEGURADO, con una anticipación de sesenta (60) días, en caso que decida modificar, revocar o no renovar esta póliza y/o alguno de sus amparos adicionales o modificar cualquiera de sus condiciones. En caso de revocación la aseguradora devolverá al asegurado, la proporción de prima correspondiente al tiempo que falte para el vencimiento de la Póliza, liquidada a prorrata. Para HMACC AMIT TERRORISMO Aplican 10 días. Si la revocación es solicitada por EL ASEGURADO , la Aseguradora devolverá el valor de la prima no corrida del riesgo, liquidada a Prorrata.
A40: RESTABLECIMIENTO AUTOMATICO DEL VALOR ASEGURADO POR PAGO DE SINIESTRO, NO APLICA PARA HAMCCOP, AMIT Y TERRORISMO:Queda entendido y convenido en adición a los términos y condiciones contenidas en la Póliza o en sus anexos que el valor asegurado se reducirá en igual cantidad del monto del siniestro y que la Aseguradora acepta el restablecimiento automático del mismo, mediante el pago de la prima a que haya lugar. Tampoco aplica para la RCE
... A50: AVISO DE PÉRDIDAS: No obstante lo dispuesto en las condiciones la Póliza o en sus anexos, por la presente cláusula se conviene entre las partes, un término sesenta ( 60) días calendario para que el Asegurado de aviso al Asegurador de cualquier evento que afecte a la presente Póliza, contados a partir de la fecha en que haya tenido conocimiento de dicho evento, sin perjuicio de lo establecido en el artículo 1081 del Código de Comercio.
A51: ACTOS DE AUTORIDAD: No obstante lo estipulado en las Condiciones Generales de la Póliza o en sus anexos, queda entendido y convenido que este seguro cubre las pérdidas o daños materiales por la destrucción ordenada o ejecutada por actos de la autoridad competente con el fin de aminorar o evitar la propagación de las consecuencias de cualquier evento cubierto por la Póliza. Excluye tales como confiscación, apropiación, o requisición entre otros | I51: DETALLA QUE Excluye tales como confiscación, apropiación, o requisición entre otros
A52: DEDUCIBLE PARA LOS EVENTOS CATASTROFICOS (TERREMOTO, TEMBLOR, ERUPCION VOLCANICA, MAREMOTO, TSUNAMI, ANEGACIÓN, INUNDACIÓN Y/Ó OTROS EVENTOS DE LA NATURALEZA, HUELGA, MOTÍN, ASONADA, CONMOCIÓN CIVIL TERRORISMO Y ACTOS MAL INTENCIONADOS DE TERCEROS) : Por medio de la presente Cláusula se deja establecido y convenido que la aseguradora considerará como un solo siniestro todos los daños y pérdidas causadas a los bienes amparados por éstos eventos, que ocurran dentro de un lapso de 72 horas y así mismo les aplicará un solo deducible.
A53: PRIMERA OPCIÓN DE COMPRA DEL SALVAMENTO: Por la presente cláusula queda establecido y convenido que si como consecuencia del pago de una indemnización por un siniestro, queda un salvamento de éste, dicho salvamento, será de propiedad de la aseguradora, sin perjuicio de los derechos que sobre ellos le otorgue la póliza al asegurado. EL ASEGURADO, no está obligada a comprarlo, pero si tiene la primera opción de compra.
A54: SALVAMENTO: El asegurado debera previa o simultaneamente al pago de la indemnizacion entregar los bienes siniestrados e indemnizados, que puedan considerarse como salvamento. Una vez descontados los gastos en que haya incurrido la aseguradaroa para poder vender el salvamenteo , el asegurado participara en el valor de dicha venta, en la misma proporcion en que haya asumido las perdidas, teniendo en cuenta el deducible y el infraseguro cuando hubiere lugar a este ultimo.
A55: COBERTURA AUTOMÁTICA PARA EQUIPOS DE REEMPLAZO AVISO DE 60 DIAS, hasta $ 500.000.000 : En adición a los términos y condiciones contenidos en la presente póliza y sus anexos, ésta se hace extensiva a amparar todos aquellos equipos que sean instalados en reemplazo de los asegurados inicialmente, mientras dure el período de reacondicionamiento, revisión, mantenimiento y fines similares. Así mismo se cubren automáticamente los nuevos equipos de su propiedad ó por los que sea responsable y los cuales se instalen para reponer o reemplazar los asegurados bajo la póliza.
A56: DAÑOS POR VEHÍCULOS PROPIOS: No obstante lo que en contrario se diga en las condiciones generales de la póliza o en sus anexos, mediante la presente cláusula se amparan las pérdidas o daños materiales de los bienes descritos en la misma, causados directa o indirectamente por vehículos, cuyo propietario o conductor sea el asegurado, contratista, subcontratista, arrendatario, usufructuario o tenedor de los bienes amparados.
A57: TRASLADO TEMPORAL DE BIENES DE CUALQUIER NATURALEZA TEMPORAL. $ 500.000.000 : Los bienes de cualquier naturaleza amparados por esta póliza que sean trasladados temporalmente dentro de los establecimientos asegurados, o a otros sitios diferentes a los predios del asegurado, para reparación, limpieza, renovación, acondicionamiento, revisión, mantenimiento, dados en arrendamiento ó comodato, o fines similares, estarán amparados por los mismos eventos cubiertos en la poliza y sus anexos de acuerdo a sus respectivas condiciones, mientras estén en tránsito para tales fines y durante el período que permanezca en dicho otro sitio en el territorio de la República de Colombia. Para las coberturas de rotura de Maquinaria y equipo electrónico, este seguro se extiende a pagar el importe de la prima del seguro de transporte que el asegurado deba tomar para amparar la maquinaria dañada o afectada por el siniestro amparado, durante el traslado de esta al taller en donde se llevara a cabo la reparación y de aquí a su lugar de montaje original.
A58: PAGO DE INDEMNIZACIONES :No obstante lo estipulado en la Cláusula de indemnizaciones del presente Contrato se conviene entre las partes, que el pago de la indemnización o la autorización de reparar el bien afectado por la realización de un riesgo amparado, se hará a quién designe el Asegurado, previa información escrita a la Aseguradora y con la firma de la solicitud de indemnización correspondiente, todo, teniendo en cuenta los controles administrativos que posee el asegurado . Igualmente, se conviene que en caso de reparaciones o reposiciones, se tendrá prelación por la firma con la cual el Asegurado posea relaciones comerciales o sea su contratista.
A59: AUTORIZACIÓN PARA REPARACIONES EN CASO DE SINIESTRO: Por medio de la presente cláusula se autoriza al asegurado para iniciar trabajos conducentes a identificar el alcance y magnitud de las fallas y/o adelantar las reparaciones necesarias inmediatamente después de un siniestro sin consultar previamente a la Aseguradora, siempre que estas reparaciones no excedan en más de $ 10.000.000 el deducible pactado y bajo el compromiso de: a. Informar el siniestro a la Aseguradora dentro de los treinta (30) días hábiles siguientes a la fecha del mismo. b. Presentar un informe detallado del siniestro. c. Presentar todas las facturas relacionadas con la reparación. La Aseguradora se reserva el derecho de inspeccionar y pedir informes adicionales cuando a su juicio lo considere necesario, aún después de haber sido hecha la reparación.
A60: EXTENSION DE COBERTURA PARA EQUIPOS QUE ESTEN O NO TRABAJANDO: Por medio de la presente cláusula se extiende el amparo de la Póliza para los equipos cubiertos por la misma, ya sea que tales equipos estén o no trabajando o hayan sido desmontados para reparación, limpieza, revisión, reacondicionamiento o cuando sean desmontados, trasladados, montados y probados dentro de los predios del Asegurado.
A61: AMPARO AUTOMATICO PARA EQUIPOS EN DEMOSTRACION HASTA POR LA SUMA DE $ 500.000.000: Cubre todos los equipos que teniendo relacion con la actividad desarrollada por el asegurado, este reciba, durante la vigencia de la poliza bajo su responabilidad a titulo de demsotracion y que dichos equipos asegurados se encuentren dentro de los predios o establecimientos asegurados, donde el asegurado ejerza su actividad, siempre y cuando no impliquen agravacion del riesgo y en los mismos terminos y condiciones establecidas en la poliza.
A62: COBERTURA DE INUNDACION O ENLODAMIENTO: Cubre las perdidas o daños a la propiedad asegurada causados por inundación o enlodamiento como resultado de rotura o estallido de la tubería de conducción (tubería de presión suministrando el agua de accionamiento para la maquina asegurada), válvulas de cierre, y/o bombas de retorno debido a los riesgos cubiertos por la presente póliza.
A63: EQUIPOS DESCONTINUADOS: Para aquellos equipos que ya no se fabrican y que por lo tanto ya no se encuentran en el mercado, para efectos del valor asegurado este se entenderá como el valor real del modelo del equipo que lo reemplace , producido por el mismo fabricante.
... A93: NOTA: SE DEBE DILIGENCIAR UNICAMENTE LA PARTE SOMBREADA EN GRIS. LAS DEMAS AREAS DEL CUADRO NO DEBEN SER MODIFICADAS

Sheet Relación Equipo y Maquinaria
A2: RELACION TODO RIESGO EQUIPO Y MAQUINARIA
A3: MUNICIPIO DE CARTAGO
A4: Nota: * Se debe dejar constancia en los bienes 3,4 y 5 que el BENEFICIARIO es el DEPARTAMENTO DEL VALLE DEL CAUCA NIT. 890399029-5
A5: BIENES ASEGURADOS | B5: VALOR ASEGURADO
A6: 1. TIPO: RODILLO MARCA: WACKER LINEA: MAQUINA TRAZA LINEA DE DOS PISTOLAS | B6: 72930375
A7: 2. TIPO: TRACTOR AGRICOLA MARCA: JOHN DEERE LINEA: CORTA CESPED | B7: 6077531.2
A8: 3. TIPO DE VEHICULO: RETROEXCAVADORA MARCA: NEW HOLAND LINEA: 006 - 4000 MODELO: 2004 COLOR: AMARILLO MOTOR: 104137 | B8: 1.061965e+08
A9: 4. TIPO DE VEHICULO: RETROEXCAVADORA MARCA: CATERPILLAR PLACA: MC010833 MODELO: 2014 MOTOR: G4D521922 COLOR: AMARILLO LINEA: 416E CHASIS: CAT0416EAMFG11915 | B9: 5.2266769e+08
A10: 5. TIPO DE VEHICULO: MOTONIVELADORA MARCA: CATERPILLAR PLACA: MC010977 COLOR: AMARILLO MOTOR: KHX60377 CHASIS: KAT0120KCSZN02155 LINEA: 120K CILINDRAJE:6600 MODELO: 2014 | B10: 868218750
A11: SUBTOTAL | B11: =SUM(B6:B10) -> 1.5760908e+09
A12: INDICE VARIABLE 5% | B12: =SUM(B6:B10)*5% -> 78804542
A13: TOTAL VALOR ASEGURADO | B13: =B11+B12 -> 1.6548954e+09

Sheet Manejo
A1: ANEXO Nº 3 (ESPECIFICACIONES TECNICAS MANEJO GLOBAL SECTOR OFICIAL)
A2: TOMADOR: | B2: MUNICIPIO DE CARTAGO
A3: ASEGURADO : | B3: =+B2 -> MUNICIPIO DE CARTAGO
A4: BENEFICIARIO: | B4: =+B2 -> MUNICIPIO DE CARTAGO
A5: NIT | B5: 891.900.493-2
A6: RAMO: | B6: MANEJO SERVIDORES PUBLICOS
A7: INTERMEDIARIO: | B7: ='Todo Riesgo Daños Materiales'!B7:D7 -> RODRIGO GOMEZ Y CIA
A8: VIGENCIA | B8: ='Todo Riesgo Daños Materiales'!B8:D8 -> DESDE LAS 00:00 HORAS DEL 28 DE JUNIO DE 2026 HASTA LAS 00:00 HORAS DEL 01 DE FEBRERO DE 2027
A9: CONDICIONES MINIMAS REQUERIDAS OBLIGATORIAS
A10: INTERES ASEGURADO | B10: COBERTURAS | K10: VALOR ASEGURADO | M10: TASA | N10: PRIMA NETA ACTUAL
C11: VALOR ASEGURADO | D11: Tasa | E11: PRIMA NETA ACTUAL | G11: VALOR ASEGURADO | H11: Tasa | I11: PRIMA NETA ACTUAL | K11: MINIMO REQUERIDO | L11: PROPUESTA CIA
A12: Se amparan a las entidades estatales aseguradas contra los riesgos que impliquen menoscabode fondos y bienes, causados por sus empleados en el ejercicio de los cargos amparados, por actos que se tipifiquen como delitos contra la administración pública o fallos con responsabilidad fiscal, siempre y cuando hecho sea cometido dentro de la vigencia de la póliza. | B12: Abuso de confianza, Estafa, Peculado | K12: 500000000
B13: Falsificación, Delitos contra la
B14: Administración Pública, Delitos contra | C14: 200000000 | D14: 0.04 | E14: =C14*D14 -> 8000000 | G14: 200000000 | H14: 0.05 | I14: =G14*H14 -> 10000000
B15: el patrimonio economico, alcances fiscales
B16: Gastos de Rendiciòn y reconstrucciòn de cuentas
B17: Cajas menores sublimite 10% evento/vigencia
B18: Empleados no identificados | K18: =K12*50% -> 250000000
B19: Protecciòn de Depósitos bancarios | K19: =K18 -> 250000000
B20: Empleados de firma especializada y temporales, cooperativas y empresas asociativas | K20: =K18 -> 250000000
K21: PRIMA NETA
K22: IVA
K23: PRIMA TOTAL
A24: CONDICIONES ESPECIALES OBLIGATORIAS
A25: AMPARO POR PECULADO: Mediante la presente Cláusula se conviene en amparar al Asegurado las pérdidas o detrimentos patrimoniales que sufra por causa de peculado cometido por sus empleados de acuerdo con las denominaciones que para delitos cometidos por empleados oficiales o públicos contempla la ley
A26: MODALIDAD DESCUBRIMIENTO
A27: AMPARO POR DELITOS CONTRA LA ADMINISTRACION PÚBLICA: Mediante la presente Cláusula se conviene en amparar AL ASEGURADO, las pérdidas o detrimentos patrimoniales que sufra por causa de los delitos cometidos por sus servidores públicos, empleados oficiales ó públicos, contemplados en la Ley
A28: EXTENSION DE COBERTURAS A EMPLEADOS TEMPORALES Y FIRMAS ESPECIALIZADAS: Se consideran cubiertas todas las perdidas y/o daños que ocasionen los empleados de firmas especializadas, temporales y provisionales, que pertenezcan o no a la firma especializada, estos últimos asesores, estudiantes en práctica, contratistas y subcontratistas.
A29: EXTENSION DE COBERTURAS: Hasta por treinta (30) días una vez se retire el funcionario de la Entidad, siempre y cuando la póliza se encuentre vigente.
A30: PERDIDAS CAUSADAS POR EMPLEADOS NO IDENTIFICADOS: Con sujecion a las condiciones genereales de la poliza y no obstante lo que en contratio se diga ennla misma o en sus anexos, si una perdida cubierta se presume haber sido causada por uno o mas de los empleados y el asegurado no pudiere senalar especdificamente el empelado o empleados causantes, dicha perdia se considera debidamene amparada, siempre y cuando las pruebas que se presentern sean concluyente quedando entendido ademas la responsabilidad de la aseguradora no excedera en ningun caso el valor asegurado por cada evento.
A31: PROTECCION DE DEPOSITOS BANCARIOS: Por medio del presente anexo, se cubren las pérdidas que el Asegurado sufra en cuanto a los dineros depositados en su cuenta corriente o de ahorros que mantenga con una entidad bancaria o financiera, siempre y cuando dicha pérdida se deba a falsificación de un cheque, letra de cambio, pagaré, carta de crédito o cualquier otra clase de titulo valor que el banco o MUNICIPIO DE CARTAGO. financiera presuma que ha sido firmado, endosado o avalado por el Asegurado o por una persona que obre en su nombre o representación y que el banco o entidad financiera compruebe que no es responsable por dicho pago. El amparo se hace extensivo a cualquiera de los siguientes eventos: A. Cuando el cheque girado presuntamente por el Asegurado o su representante sea pagado a una persona ficticia. B. Cuando un cheque girado por el Asegurado o su representante a favor de un tercero y entregado a dicho tercero o a un representante de este, resulte endosado y cobrado por una persona distinta a dicho tercero o a aquella otra a quien ha debido hacerse el pago en virtud de una transferencia posterior que hubiese podido efectuarse respecto a dicho cheque. C. Cualquier cheque con destino al pago de salarios que habiendo sido girado u ordenado por el Asegurado, resultase endosado y cobrado por un tercero obrando supuestamente a nombre del girador, o de aquel a quien se debía hacer el pago. Es requisito indispensable para que sea procedente una indemnización bajo los literales a, b, y c, que exista falsificación o adulteración de conformidad con las disposiciones legales vigentes al momento del siniestro. Las firmas estampadas por medios mecánicos, serán consideradas como firmas autógrafas.
A32: CONVENIO PARA EL PLAZO DEL PAGO DE LA PRIMA: No obstante cualquier estipulación en contrario, por la presente cláusula se deja establecido que, de acuerdo con lo estipulado en el artículo 81 de la Ley 45/90 y la Resolución numero 03750 de Diciembre 31/74
A33: AMPARO AUTOMÁTICO PARA NUEVOS CARGOS : No obstante cualquier estipulación en contrario en las condiciones generales de la póliza y sus anexos, este seguro se extiende a cubrir todo nuevo cargo creado por el Asegurado sin limite de plazo para reportar a la aseguradora.
A34: PERÍODO ADICIONAL DE COBERTURAS: Por medio de la presente cláusula se deja establecido y convenido que las personas al servicio del asegurado, continuarán amparadas los treinta (30) días inmediatamente siguientes a la fecha de retiro, con sujeción a las Cláusulas relativas a vigencia, terminación y revocación de la Póliza.
A35: ERRORES Y OMISIONES NO INTENCIONALES : El tomador esta obligado a declarar sinceramente los hechos o circunstancias que determinen el estado del riesgo, la inexactitud sobre hechos o circunstancias que conocidas por la compañía, la hubiere retraído de celebrar el contrato, o inducido a estipular condiciones más onerosas, produce la nulidad relativa del seguro. Sin embargo, si el tomador incurriere en errores, omisiones o inexactitudes inculpables a él o al asegurado, el contrato de seguro al cual se adhiere este documento no será nulo, ni habrá lugar a la aplicación del inciso tercero del Art. 1058 del Código de Comercio sobre reducción porcentual de la prestación asegurada. En ese caso, se deberá pagar la prima adecuada al verdadero estado del riesgo: la cual será calculada a la (s) tasa (s) establecida (s) en la (s) póliza (s) a prorrata y en las mismas condiciones en que viene suscrito el riesgo.
... A58: NOTA: SE DEBE DILIGENCIAR UNICAMENTE LA PARTE SOMBREADA EN GRIS. LAS DEMAS AREAS DEL CUADRO NO DEBEN SER MODIFICADAS

Sheet RCE 
A1: ANEXO Nº 4 (ESPECIFICACIONES TECNICAS RESPONSABILIDAD CIVIL EXTRACONTRACTUAL)
A2: TOMADOR | B2: MUNICIPIO DE CARTAGO
A3: ASEGURADO : | B3: =+B2 -> MUNICIPIO DE CARTAGO
A4: BENEFICIARIO: | B4: =+B2 -> MUNICIPIO DE CARTAGO
A5: NIT | B5: 891.900.493-2
A6: RAMO: | B6: RESPONSABILIDAD CIVIL EXTRACONTRACTUAL
A7: INTERMEDIARIO: | B7: ='Todo Riesgo Daños Materiales'!B7:D7 -> RODRIGO GOMEZ Y CIA
A8: VIGENCIA | B8: ='Todo Riesgo Daños Materiales'!B8:D8 -> DESDE LAS 00:00 HORAS DEL 28 DE JUNIO DE 2026 HASTA LAS 00:00 HORAS DEL 01 DE FEBRERO DE 2027
A9: COBERTURAS Y CONDICIONES MINIMAS REQUERIDAS OBLIGATORIAS
A10: OBJETO | B10: AMPAROS | C10: LIMITE ASEGURADO | E10: PROPUESTA CIA | F10: TASA | G10: PRIMA ANUAL
C12: EVENTO | D12: VIGENCIA
A13: Territorio Colombiano | C13: 2000000000
A14: Se amparan los perjuicios patrimoniales y extrapatrimoniales, incluyendo los perjuicios morales, que el asegurado cause a terceros, con motivo de la responsabilidad civil en que incurra de acuerdo con la Ley, durante el giro normal de sus actividades, incluyendo las complementarias. Los perjuicios cubiertos son los derivados de: Lesiones ó muerte a personas, Daños a bienes de propiedad de terceros, Perjuicios morales,, perjuicios de dano en la vida relacion y fisiológicos. lucro cesante que se derive de un daño material y/o de un daño corporal | B14: Predios, labores y operaciones.
B15: La posesion, el uso el mantenimiento de los predios en los cuales se desarrolla la actividad propia del asegurado.
B16: Las operaciones que lleve a Cabo el asegurado en los predios asegurados y donde desarrolle su actividad.
B17: Las actividades que razonablemente forman parte del riesgo asegurado y que son inherentes al desarrollo del giro normal de su actividad.
B18: Incendio y explosión
B19: Uso de maquina y equipos de trabajo de carque, descarque y transporte dentro y/o fuera de los predios del asegurado.
B20: Actividades sociales, deportivas y culturales, asi como las instalaciones sociales y deportivas dentro y/o fuera de los predios del asegurado
B21: Participacion del asegurado en ferias y exposiciones nacionales.
B22: Viajes al exterior realizados por los representantes, directores y empleados al servicio del asegurado, en funciones inherentes al desarrollo de las actividades propias del asegurado.
B23: viajes dentro del territorio nacional de los representantes, directores y empleados al servicio del asegurado, en funciones inherentes al desarrollo de las actividades propias del asegurado.
B24: Posesion y uso de depositos, tanques, y tuberias dentro de los predios asegurados;
B25: Cafeteria, restaurantes, casinos, bares
B26: Transporte de materias primas y productos azarosos, Manejo de combustible según decreto No. 1521 de 1996, en desarrollo de las actividades del asegurado
... B32: Contaminacion accidental subita e imprevista
B33: Contratistas y/o subcontratistas independientes | C33: 600000000 | D33: 1200000000
B34: Patronal | C34: 600000000 | D34: 1200000000
B35: Vehículos propios y no propios | C35: 500000000 | D35: 1000000000
B36: Gastos medicos | C36: 20000000 | D36: 400000000
B37: Bienes bajo cuidado tenencia y control | C37: 500000000 | D37: 1000000000
B38: Responsabilidad Civil Cruzada | C38: 600000000 | D38: 1200000000
B39: Parqueaderos | C39: 500000000 | D39: 1000000000
C40: PRIMA NETA
C41: IMPOVENTAS
C42: TOTAL IMPOVENTAS
A43: CONDICIONES
A44: NOTA: Los usuarios, clientes y visitantes se consideran terceros
A45: ACTIVIDADES SOCIALES, CULTURALES Y DEPORTIVAS: Por la presente cláusula y no obstante lo que en contrario se diga en las condiciones generales de la Póliza o en sus anexos, la Aseguradora cubre la responsabilidad civil imputable al Asegurado, derivada del ejercicio, dirección o supervisión de actividades deportivas, sociales y culturales, que se desarrollen en cualquier parte del territorio de la República de Colombia.
A46: RCE DERIVADA DEL SERVICIO DE VIGILANCIA: Por la presente cláusula y no obstante lo que en contrario se diga en las condiciones generales de la Póliza o en sus anexos, la Aseguradora ampara la responsabilidad civil deL ASEGURADO, frente a terceros por perjuicios patrimoniales y extrapatrimoniales, causados por vigilantes y personal de seguridad, escoltas cualesquiera que sea su modalidad de contratacion,en el cumplimiento de sus obligaciones y de los ocasionados por su negligencia o imprudencia, incluso, los que se ocasionen como consecuencia del uso de armas de fuego, errores de punteria, en cualquier parte del territorio de la República de Colombia. Tratándose de vigilantes no propios esta cobertura operará en exceso de la póliza de responsabilidad civil de la empresa de vigilancia, siempre que la póliza exista y se logre obtener la indemnización en caso de reclamo bajo dicha póliza con su límite asegurado, de lo contrario operará la presente póliza como primera capa.
A47: RESPONSABILIDAD CIVIL POR PERSONAL DE SEGURIDAD. Cubre la Responsabilidad Civil que pueda derivarse para el asegurado por los actos del personal de escolta que sean empleados suyos o personas particulares, cualesquiera que sea su modalidad de contratacion o pertenezcan a empresas de vigilancia contratadas por el, en cuyo caso operara en exceso de la póliza contratada por dicha empresa, cometidos en el desempeño de sus funciones en cualquier sitio del territorio colombiano, imcluye el empleo de armas de fuego errores de punteria-
A48: USO DE ARMAS DE FUEGO Y ERRORES DE PUNTERÍA Por la presente cláusula y no obstante lo que en contrario se diga en las condiciones generales de la póliza o en sus anexos, la aseguradora ampara la responsabilidad civil del ASEGURADO, frente a terceros por las reclamaciones por daños, lesiones y perjuicios causados por los vigilantes y personas de seguridad en el cumplimiento de sus obligaciones y de los ocasionados por su negligencia o imprudencia incluso los que se ocasionen como consecuencia del uso de armas de fuego en cualquier parte del Territorio de la República de Colombia. Tratándose de vigilantes no propios esta cobertura operará en exceso de la póliza de responsabilidad civil de la empresa de vigilancia, siempre que la póliza exista y se logre obtener la indemnización en caso de reclamo bajo dicha póliza con su límite asegurado, de lo contrario operará la presente póliza como primera capa
A49: ELEVADORES,ESCALERAS Y EQUIPOS SIMILARES : Por la presente cláusula y no obstante lo que en contrario se diga en las condiciones generales de la póliza o en sus anexos, mediante el presente seguro, se ampara la responsabilidad civil por los perjuicios patrimoniales y extrapatrimoniales que debiere pagar EL ASEGURADO como consecuencia del uso o manejo de elevadores, ascensores, cabrias, montacargas, carretas, escaleras metálicas y equipos similares La palabra elevadores comprenderá: ascensores, cabrias, carretas, escaleras mecánicas montacargas, equipos similares así como los carros plataformas, pozos, cajas y maquinaria que de ellos forman parte.
A50: RC PATRONAL, EN EXCESO DE LAS PRSTACIONES DE LEY: La aseguradora reconocera al ASEGURADO las sumas que debiere pagar en virtud de la responsabilidad civil extracontractual, que le sea imputable por accidente de trabajo o enfermedades profesionales, que afecten a los trabajadores a su servicio en el desarrollo de las actividades a ellos asignadas, en exceso de las prestaciones legales incluyendo trabajadores de los contratistas y /o subcontratiatas.
A51: CONTRATISTA Y/O SUBCONTRATISTA INDEPENDIENTES: Mediante la presente cláusula y no obstante lo que se diga en contrario en las condiciones generales de la Póliza o en sus anexos, se reconocerán a los terceros afectados y/ó al asegurado, las sumas que debiere pagar EL ASEGURADO, en razón de la responsabilidad civil Extracontractual por perjuicios patrimoniales y extrapatrimoniales resultantes como consecuencia de labores realizadas a su servicio por Contratistas ó Subcontratistas independientes. Este amparo operará en exceso de la responsabilidad civil del contratista ó subcontratista, siempre que la póliza exista y se logre obtener la indemnización en caso de reclamo bajo dicha póliza hasta su límite asegurado, de lo contrario operará la presente póliza como primera capa.
A52: VEHICULOS PROPIOS Y NO PROPIOS: Por la presente cláusula y no obstante lo que en contrario se diga en las condiciones generales de la póliza o en sus anexos, y sujeto a que el Asegurado ha pagado la prima adicional acordada a la Aseguradora, le indemnizará las sumas que debiere pagar en razón de su responsabilidad civil extracontractual por las lesiones personales o muerte causadas a terceros, ó daños causados a propiedades de terceros, como consecuencia de la utilización de vehículos de transporte terrestre, que sean o no de su propiedad y se extiende a amparar los establecidos en la póliza incluyendo equipos que no tengan tracción propia, hasta por los limites establecidos en la póliza. Esta cobertura opera en exceso de los límites contratados en la Póliza de Automóviles si las hay. De no haber póliza de automóviles ó no haber sido indemnizado el reclamo, esta cobertura cubrirá como primera capa
A53: GASTOS MEDICOS: Queda entendido y convenido en adición a los términos y condiciones contenidas en la Póliza y sus anexos, que la Aseguradora reconocerá al Asegurado, a los terceros afectados, ó a la institución prestadora del servicio, los gastos médicos, hospitalarios, medicinas y demás gastos requeridos para la prestación de los servicios médicos y hospitalarios que se causen ó en que deba incurrir, hasta el límite convenido, como consecuencia de lesiones personales causadas a terceros, con ocasión del desarrollo de las actividades del Asegurado. Para efectos de la suma asegurada, sublímites y agregados anuales, los pagos que se realizan por el concepto de gastos médicos son parte de la póliza de responsabilidad civil. Esta cobertura no esta sujeta a la aplicación de deducible, ni requiere fallo judicial. El amparo que mediante esta cláusula se otorga, es independiente del de Responsabilidad civil y por consiguiente los pagos que por dicho concepto se efectúen, en ningún caso pueden ser interpretados como aceptación tácita de responsabilidad civil.
A54: CONTAMINACION ACCIDENTAL SUBITA E IMPREVISTA: No obstante cualquier estipulación en contrario de las condiciones generales y particulares de la póliza y sus anexos, esta póliza de seguro cubre contaminación accidental, proveniente de cualquiera de las actividades desarrolladas por el asegurado.
... A88: NOTA: SE DEBE DILIGENCIAR UNICAMENTE LA PARTE SOMBREADA EN GRIS. LAS DEMAS AREAS DEL CUADRO NO DEBEN SER MODIFICADAS

Sheet RC Servidores Publicos
A1: ANEXO Nº 5 (ESPECIFICACIONES TECNICAS SEGURO DE RESPONSABILIDAD CIVIL SERVIDORES PUBLICOS)
A2: TOMADOR | B2: MUNICIPIO DE CARTAGO
A3: ASEGURADO | B3: MUNICIPIO DE CARTAGO
A4: BENEFICIARIO | B4: MUNICIPIO DE CARTAGO
A5: NIT | B5: 890.900.493-2
A6: RAMO: | B6: RC SERVIDORES PUBLICOS
A7: INTERMEDIARIO: | B7: ='Todo Riesgo Daños Materiales'!B7:D7 -> RODRIGO GOMEZ Y CIA
A8: VIGENCIA | B8: ='Todo Riesgo Daños Materiales'!B8 -> DESDE LAS 00:00 HORAS DEL 28 DE JUNIO DE 2026 HASTA LAS 00:00 HORAS DEL 01 DE FEBRERO DE 2027
A9: CONDICIONES MINIMAS REQUERIDAS OBLIGATORIAS
A10: OBJETO | B10: AMPAROS | C10: VALOR ASEGURADO
A11: Territorio Mundial | C11: V/R ASEGURADO EVENTO / VIGENCIA | D11: PROPUESTA COMPAÑÍA EN VALOR ASEGURADO PRINCIPAL Y EN GASTOS DE DEFENSA | E11: TASA | F11: PRIMA
A12: Amparar los perjuicios o detrimentos patrimoniales causados a EL MUNICIPIO DE CARTAGO, como consecuencia de decisiones de gestión incorrectas, pero no dolosas, adoptadas y/o ejecutadas o inejecutadas, por los Servidores Públicos y/o funcionarios con regímenes de responsabilidad similares a los de los Servidores Públicos, cuyos cargos se relacionan en el presente Pliego de Condiciones. Asumir los gastos de defensa (honorarios profesionales de abogados defensores y cauciones judiciales) según los límites por etapas procesales establecidos en este documento, en todo tipo de procesos, incluidos los penales siempre que se trate de delitos no dolosos; civiles; administrativos; iniciados por entes de control (Procuraduría, Contraloría o similares) o; por cualquier organismo oficial, en los que se discuta la responsabilidad correspondiente a los cargos asegurados. | B12: cobertura de perdida fiscal y gastos de defensa | C12: 2000000000 | F12: =(+C12*E14/100) -> 0
B14: reembolso a la sociedad costos y honoroarios de cauciones judiciales
B16: PRIMA NETA
B17: IMPOVENTAS
B18: TOTAL CON IMPOVENTAS
A19: Responsabilidad civil por detrimentos patrimoniales sufridos por el Estado o por terceros siempre que sean consecuencia de los actos incorrectos cometidos por los funcionarios asegurados en el desempeño de las funciones propias a su cargo, cuando fueren declarados civil o administrativamente responsables del detrimento patrimonial.
A20: Costos y Gastos de defensa, Responsabilidad civil por detrimentos patrimoniales sufridos por el Estado o por terceros : Se amparan los gastos por honorarios profesionales para la defensa de los funcionarios asegurados, frente a procesos civiles, penales, administrativos y frente a cualquier tipo de investigación adelantada por organismos oficiales hasta por el limite estipulado en la carátula de la póliza sublimite $60.000.000 por persona, $140,000,000 evento / $ 500,000,000 agregado anual. Los procesos penales operan por reembolso y se excluyen las conductas dolosas. El sublimite para gastos de defensa forma parte del valor asegurado y no en adicion a este
A21: Cauciones Judiciales: Gastos y costos en que incurran los funcionarios asegurados para la constitución de cauciones exigidas por las autoridades o necesarias para ejercitar derechos, dentro de procedimientos civiles, penales, administrativos o disciplinarios iniciados como consecuencia de actos incorrectos de los que se pudiera deriva una responsabilidad fiscal. $30.000.000 por evento y $150.000.000 vigencia. El sublimite hace parte del valor asegurado y no en adicion a este.
A22: CARGOS ASEGURADOS
A23: • Alcalde municipal • Secretaria de Hacienda • Tesorero Municipal • Secretario Juridico • Jefe de Recursos Físicos y Logistica Organizacional • Secretario Planeación y Medio Ambiente • Secretario de Infraesctructura • Director TIC | B23: • Secretario de Gobierno y Desarrollo Social • Secretario de Educación • Secretario de Servicios Administrativos • Secretario de Salud • Secretario de Tránsito y Transporte • Secretario General • Jefe de Oficina Control Interno Disciplinario
A24: CONDICIONES ESPECIALES OBLIGATORIAS
A25: LA POLIZA DEBE CONTENER LAS CONDICIONES PROPIAS PARA ENTIDADES ESTATALES
A26: AMPARO DE GASTOS DE DEFENSA EN INVESTIGACION PRELIMINAR
A27: AMPARO DE DEFENSA PENAL ADMINISTRATIVA :Ampara los costos procesales y gastos de defensa en que incurra el Asegurado como consecuencia de procesos penales y de investigaciones adelantadas por organismos oficiales, así como los que surjan de la defensa de las sanciones impuestas por dichos organismos.
A28: COBERTURA PARA DIRECTIVOS PASADOS, PRESENTES Y FUTUROS | K28: _ | M28: 2
A29: SE AMPARAN TODAS LAS RECLAMACIONES CONTRA DIRECTIVOS INDEPENDIENTEMENTE DEL ORGANO QUE LAS INICIA | L29: 1
A30: DEFINICION DE ASEGURADO: Se considera asegurado: Los administradores de la misma, cuyos cargos se detallan en el formulario de solicitud adjunto a estos Pliegos de Condiciones. Cuando se de un cambio de funcionario éste se cubre automáticamente, siempre y cuando el cargo que se ocupe se encuentre en la relación de los cargos asegurados. | N30: 1
A31: AMPARO RETROACTIVO - MODADLIDAD: Se amparan las reclamaciones que provengan de hechos o circunstancias ocurridas a partir del 17 de Noviembre de 2017. Modalidad Claims Made | M31: 2
A32: CONVENIO PARA EL PLAZO DEL PAGO DE LA PRIMA: No obstante cualquier estipulación en contrario, por la presente cláusula se deja establecido que, de acuerdo con lo estipulado en el artículo 81 de la Ley 45/90 y la Resolución numero 03750 de Diciembre 31/74 de la Superintendencia Financiera, las partes contratantes convienen que las primas causadas por el presente Contrato de seguros y los Certificados o Anexos que se emitan en aplicación al mismo serán pagadas por EL ASEGURADO, mínimo dentro de los NOVENTA (90) días contados a partir de la fecha en que el respectivo documento sea recibido en sus oficinas, directamente por la Aseguradora y/o por el intermediario de seguros, quien deberá certificar haber recibido a satisfacción las respectivas pólizas en las condiciones contratadas.Si las pólizas no han sido correctamente elaboradas, el término para el pago solo empezará a contarse desde la fecha en que se presenten en debida forma. La demora en el pago originada por la presentación incorrecta de los documentos requeridos será responsabilidad del contratista y no tendrán por ello derecho al pago de intereses o compensación de ninguna naturaleza o a la aplicación de la terminación del contrato por mora en el pago de la prima. | M32: 2
A33: REVOCACIÓN , NO RENOVACIÓN O MODIFICACIONES DE LA PÓLIZA Y SUS ANEXOS: La Aseguradora deberá dar aviso por escrito aL ASEGURADO, con una anticipación de sesenta (60) días, en caso que decida modificar, revocar o no renovar esta póliza y/o alguno de sus amparos adicionales o modificar cualquiera de sus condiciones. En caso de revocación la aseguradora devolverá al asegurado, la proporción de prima correspondiente al tiempo que falte para el vencimiento de la Póliza, liquidada a prorrata. Si la revocación es solicitada por EL ASEGURADO , la Aseguradora devolverá el valor de la prima no corrida del riesgo, liquidada a Prorrata.
A34: ERRORES Y OMISIONES NO INTENCIONALES : El tomador esta obligado a declarar sinceramente los hechos o circunstancias que determinen el estado del riesgo, la inexactitud sobre hechos o circunstancias que conocidas por la compañía, la hubiere retraído de celebrar el contrato, o inducido a estipular condiciones más onerosas, produce la nulidad relativa del seguro. Sin embargo, si el tomador incurriere en errores, omisiones o inexactitudes inculpables a él o al asegurado, el contrato de seguro al cual se adhiere este documento no será nulo, ni habrá lugar a la aplicación del inciso tercero del Art. 1058 del Código de Comercio sobre reducción porcentual de la prestación asegurada. En ese caso, se deberá pagar la prima adecuada al verdadero estado del riesgo: la cual será calculada a la (s) tasa (s) establecida (s) en la (s) póliza (s) a prorrata y en las mismas condiciones en que viene suscrito el riesgo.
A35: MODIFICACIÓN DEL ESTADO DEL RIESGO: No obstante lo estipulado en las condiciones generales de la póliza y sus anexos, por la presente cláusula se establece una limitación a la obligación que el Asegurado notifique los hechos o circunstancias que agraven el riesgo durante la vigencia del contrato, en el sentido, que la aseguradora solo puede invocarla cuando exista relación de causalidad entre la agravación y el siniestro. Se ampararán automáticamente los riesgos cuya agravación se informe, hasta el pronunciamiento del asegurador en contrario.
A36: CONOCIMIENTO DEL RIESGO: Por medio de la presente cláusula, la (s) Compañía(s) Aseguradora(s) declara (n) que conocen los riesgos y por consiguiente dejan constancia del conocimiento y aceptación de las circunstancias y condiciones de los mismos. En consecuencia de lo anterior, los proponentes no podrán en ningún caso, oponer excepciones, ni formular objeciones fundamentadas en la circunstancia de no haber llevado a cabo la visita de inspección o en el desconocimiento de los mismos.
A37: ACUERDO PARA AJUSTE EN CASO DE SINIESTRO: Por medio de la presente Cláusula se conviene que todos los siniestros serán ajustados conforme al procedimiento especial de ajuste que se acuerde entre el Asegurador y Asegurado, y que bajo estas condiciones, operará el Ajustador que se designe cuando sea necesario
A38: NOMBRAMIENTO DE AJUSTADOR: En caso de siniestro que afecte las pólizas contratadas y en los que a juicio de la aseguradora se deba asignar Ajustador, dichos Ajustadores no podrán ser asignados unilateralmente por la aseguradora, sino bajo los siguientes parámetros: • Se escogerá al inicio de la vigencia de las pólizas una terna de firmas Ajustadores nominada por EL ASEGURADO y la ASEGURADORA. • Las firmas seleccionadas deberán tener sede principal u oficina similar en la ciudad de Cali. La asignación del Ajustador proveniente de la terna inicialmente escogida, deberá realizarse dentro de los 3 días hábiles siguientes a la fecha del reporte del siniestro y el Ajustador deberá contactar al asegurado y efectuar las visitas correspondientes dentro de los 2 días hábiles siguientes a la fecha de designación. En caso contrario, se designará otro integrante de la terna preseleccionada.
A39: AVISO DE PÉRDIDA 60 DÍAS: No obstante lo dispuesto en las condiciones la Póliza o en sus anexos, por la presente cláusula se conviene entre las partes, un término SESENTA ( 60) días calendario para que el Asegurado de aviso al Asegurador de cualquier evento que afecte a la presente Póliza, contados a partir de la fecha en que haya tenido conocimiento de dicho evento, sin perjuicio de lo establecido en el artículo 1081 del Código de Comercio.
A40: DOMICILIO: Sin perjuicios de las disposiciones procesales para los efectos relacionados con el presente contrato, se fija como domicilio de las partes la ciudad de MUNICIPIO DE CARTAGO, en la República de Colombia.
A41: ADHESION: : Si durante la vigencia de este seguro se presentan modificaciones a las condiciones generales y particulares de la póliza, que presenten un beneficio a favor del ASEGURADO, tales modificaciones se consideran automáticamente incorporadas a la póliza siempre que el cambio no implique un aumento en la prima originalmente pactada.
A42: INCLUSIONES DE CARGOS: En caso de efectuarse inclusiones y/o modificaciones de cargos dentro de la vigencia de la póliza, se aclara que los oferentes se compromenten a mantener las mismas condiciones, costos y/o tasas presentadas en la presente licitación.
A43: DESIGNACION DE CARGOS: : En adición a los términos y condiciones contenidas en la póliza y sus anexos, la Aseguradora acepta el titulo, nombre, denominación, nomenclatura con que el Asegurado identifica o describe los cargos asegurados
A44: GASTOS DE DEFENSA : La presente póliza ampara los costos procesales y gastos de defensa en que incurra el asegurado, como consecuencia de procesos civiles, administrativos, laborales o penales, incluyendo los que sean consecuencia de investigaciones adelantadas por organismos oficiales, incluidas la Procuraduría y la Contraloría, así como los que surjan de la defensa de las sanciones impuestas por dichos organismos, salvo en los casos en los que haya existido dolo debidamente probado
... A59: NOTA: SE DEBE DILIGENCIAR UNICAMENTE LA PARTE SOMBREADA. LAS DEMAS AREAS DEL CUADRO NO DEBEN SER MODIFICADAS

Sheet Automoviles
A1: ANEXO Nº 6 (ESPECIFICACIONES TECNICAS SEGURO DE AUTOMOVILES)
A2: TOMADOR: | B2: MUNICIPIO DE CARTAGO
A3: ASEGURADO : | B3: =+B2 -> MUNICIPIO DE CARTAGO
A4: BENEFICIARIO: | B4: =+B2 -> MUNICIPIO DE CARTAGO
A5: NIT | B5: 891.900.493-2
A6: RAMO: | B6: AUTOMOVILES
A7: INTERMEDIARIO: | B7: ='Todo Riesgo Daños Materiales'!B7:D7 -> RODRIGO GOMEZ Y CIA
A8: VIGENCIA | B8: ='Todo Riesgo Daños Materiales'!B8 -> DESDE LAS 00:00 HORAS DEL 28 DE JUNIO DE 2026 HASTA LAS 00:00 HORAS DEL 01 DE FEBRERO DE 2027
A9: COBERTURAS OBLIGATORIAS
A10: AUTOMOVILES
A11: INTERES Y BIENES ASEGURADOS | B11: AMPAROS | C11: VALOR ASEGURADO MINIMO REQUERIDO | D11: PROPUESTA ASEGURADORA PARA RCE | E11: TASA | F11: PRIMA NETA ACTUAL
A12: Amparar los daños y/o pérdidas que sufran los vehículos de propiedad o por los que sea legalmente responsable EL MUNICIPIO DE CARTAGO, así como los daños a bienes y/o lesiones y/o muerte de terceros, por causa de accidentes en territorio nacional
B13: Responsabilidad Civil Extracontractual Autos Livianos : (Cubre Los perjuicios patrimoniales y extrapatrimoniales aL 100% )
B14: Daños a bienes de terceros | C14: 1000000000
B15: Lesiones o muerte a una persona | C15: 1000000000
B16: Lesiones o muerte a dos o más personas | C16: 2000000000
B17: Responsabilidad Civil Extracontractual Motos y Pesados : (Cubre Los perjuicios patrimoniales y extrapatrimoniales aL 100% )
B18: Daños a bienes de terceros | C18: 200000000
B19: Lesiones o muerte a una persona | C19: 200000000
B20: Lesiones o muerte a dos o más personas | C20: 400000000
A21: BIENES ASEGURADOS: VER RELACION ANEXO | B21: Perdida Total para Daños | C21: V/r Comercial guia fasecolda + accesorios no originales. Ver relacion anexo
B22: Perdida Parcial para Daños
B23: Perdida Total para Hurto
B24: Perdida Parcial para Hurto
B25: Terremoto
B26: Proteccion Patrimonial | C26: Si
B27: Gastos de Transporte por perdida totale Daños, excluye vehículos pesados y motos, $40.000 diarios, máximo 30 días | C27: SI
B28: Gastos de Transporte por perdidas total Hurto excluye vehículos pesados y motos, $40.000 diarios, máximo 30 días | C28: Si
B29: Asistencia Juridica Penal | C29: Si
B30: Asistencia Juridica Civil | C30: SI
B31: Asistencia en Viaje, se excluye motos | C31: SI
B32: Hmccop, amit y terrorismo | C32: Si
D34: PRIMA NETA
D35: IVA
D36: TOTAL
A37: CONDICIONES ESPECIALES OBLIGATORIAS
A38: CONVENIO PARA EL PLAZO DEL PAGO DE LA PRIMA: No obstante cualquier estipulación en contrario, por la presente cláusula se deja establecido que, de acuerdo con lo estipulado en el artículo 81 de la Ley 45/90 y la Resolución numero 03750 de Diciembre 31/74 de la Superintendencia Financiera, las partes contratantes convienen que las primas causadas por el presente Contrato de seguros y los Certificados o Anexos que se emitan en aplicación al mismo serán pagadas por EL ASEGURADO, mínimo dentro de los NOVENTA (90) días contados a partir de la fecha en que el respectivo documento sea recibido en sus oficinas, directamente por la Aseguradora y/o por el intermediario de seguros, quien deberá certificar haber recibido a satisfacción las respectivas pólizas en las condiciones contratadas. Si las pólizas no han sido correctamente elaboradas, el término para el pago solo empezará a contarse desde la fecha en que se presenten en debida forma. La demora en el pago originada por la presentación incorrecta de los documentos requeridos será responsabilidad del contratista y no tendrán por ello derecho al pago de intereses o compensación de ninguna naturaleza o a la aplicación de la terminación del contrato por mora en el pago de la prima.
A39: CONTINUIDAD DE COBERTURA : Se otorga continuidad de seguros a los vehículos que vienen amparados y por lo tanto la propuesta no debe contener ningún tipo de restricciones en cuanto al estado, modelo y características de los vehículos, ni exigencias de inspecciones.
A40: NO APLICACIÓN DE DEDUCIBLES PARA ENTIDADES ESTATALES: La Aseguradora no aplicará ningún tipo de deducible en las coberturas del ramo de automóviles.
A41: LA COBERTURA DE RESPONSABILIDAD CIVIL EXTRACONTRACTUAL AMPARA LOS PERJUICIOS PATRIMONIALES Y EXTRAPATRIMONIALES ( DAÑO MORAL, LUCRO CESANTE Y PERJUICIO DE DAÑO EN LA VIDA RELACION. AL 100%
A42: REVOCACIÓN , NO RENOVACIÓN O MODIFICACIONES DE LA PÓLIZA Y SUS ANEXOS : La Aseguradora deberá dar aviso por escrito aL ASEGURADO, con una anticipación de sesenta (60) días, en caso que decida modificar, revocar o no renovar esta póliza y/o alguno de sus amparos adicionales o modificar cualquiera de sus condiciones. En caso de revocación la aseguradora devolverá al asegurado, la proporción de prima correspondiente al tiempo que falte para el vencimiento de la Póliza, liquidada a prorrata. Si la revocación es solicitada por EL ASEGURADO , la Aseguradora devolverá el valor de la prima no corrida del riesgo, liquidada a Prorrata.
A43: RESTABLECIMIENTO AUTOMATICO DEL VALOR ASEGURADO POR SINIESTRO PARA LA COBERTURA DE RCE:
A44: ERRORES Y OMISIONES NO INTENCIONALES : El tomador esta obligado a declarar sinceramente los hechos o circunstancias que determinen el estado del riesgo, la inexactitud sobre hechos o circunstancias que conocidas por la compañía, la hubiere retraído de celebrar el contrato, o inducido a estipular condiciones más onerosas, produce la nulidad relativa del seguro. Sin embargo, si el tomador incurriere en errores, omisiones o inexactitudes inculpables a él o al asegurado, el contrato de seguro al cual se adhiere este documento no será nulo, ni habrá lugar a la aplicación del inciso tercero del Art. 1058 del Código de Comercio sobre reducción porcentual de la prestación asegurada. En ese caso, se deberá pagar la prima adecuada al verdadero estado del riesgo: la cual será calculada a la (s) tasa (s) establecida (s) en la (s) póliza (s) a prorrata y en las mismas condiciones en que viene suscrito el riesgo.
A45: MODIFICACIÓN DEL ESTADO DEL RIESGO: No obstante lo estipulado en las condiciones generales de la póliza y sus anexos, por la presente cláusula se establece una limitación a la obligación que el Asegurado notifique los hechos o circunstancias que agraven el riesgo durante la vigencia del contrato, en el sentido, que la aseguradora solo puede invocarla cuando exista relación de causalidad entre la agravación y el siniestro. Se ampararán automáticamente los riesgos cuya agravación se informe, hasta el pronunciamiento del asegurador en contrario.
A46: CLAUSULA DE ANTICIPO DE LA INDEMNIZACION HASTA 50%: la Aseguradora anticipara la indemnización, hasta por el 50%, con la demostración de la ocurrencia del siniestro por parte del asegurado, el valor de los daños y la comprobación de que existe cobertura y mientras se formaliza a cabalidad la indemnización Correspondiente.
A47: CONOCIMIENTO DEL RIESGO: Por medio de la presente cláusula, la (s) Compañía(s) Aseguradora(s) declara (n) que conocen los riesgos y por consiguiente dejan constancia del conocimiento y aceptación de las circunstancias y condiciones de los mismos. En consecuencia de lo anterior, los proponentes no podrán en ningún caso, oponer excepciones, ni formular objeciones fundamentadas en la circunstancia de no haber llevado a cabo la visita de inspección de los bienes o en el desconocimiento de los mismos.
A48: ACUERDO PARA AJUSTE EN CASO DE SINIESTRO: Por medio de la presente Cláusula se conviene que todos los siniestros serán ajustados conforme al procedimiento especial de ajuste que se acuerde entre el Asegurador y Asegurado, y que bajo estas condiciones, operará el Ajustador que se designe cuando sea necesario
... A82: NOTA: SE DEBE DILIGENCIAR UNICAMENTE LA PARTE SOMBREADA EN GRIS. LAS DEMAS AREAS DEL CUADRO NO DEBEN SER MODIFICADAS

Sheet Relación Parque Automotor
A2: MUNCIPIO DE CARTAGO
A3: RELACION DE VEHICULOS ASEGURADOS
A4: DESCRIPCION DEL PARQUE AUTOMOTOR | C4: VR. ASEGURADO
A5: 1 | B5: PLACA: MOD71A | C5: 2600000
B6: LINEA: NXR 125 (BROS) MT
B7: COD. FASECOLDA: 03417100
B8: MODELO: 2004
B9: CILINDRAJE: 125CC
B10: MOTOR: JC30E84610194
B11: CHASIS:JC30E84610194
B12: MOTOCICLETA: HONDA
A13: =A5+1 -> 2 | B13: PLACA: MOD69A | C13: 2600000
B14: LINEA: NXR 125 (BROS) MT
B15: COD. FASECOLDA: 03417100
B16: MODELO:2004
B17: CILINDRAJE: 125CC
B18: MOTOR: JC30E84610016
B19: CHASIS: JC30E84610016
B20: MOTOCICLETA: HONDA
A21: =A13+1 -> 3 | B21: PLACA: NSR32B | C21: 3000000
B22: LINEA: NXR 125 (BROS) MT
B23: COD. FASECOLDA: 03417100
B24: MODELO: 2008
B25: CILINDRAJE: 125CC
B26: MOTOR: JC30E95627683
B27: CHASIS: JC30E95627683
B28: MOTOCICLETA:HONDA
A29: 4 | B29: PLACA: NSR33B | C29: 1800000
B30: LINEA:NXR125(BROS)MT
B31: COD. FASECOLDA: 03417105
B32: MODELO:2008
B33: MOTOR:JC30E95627742
B34: CHASIS:JC30E95627742
B35: MOTOCICLETA: YAMAHA
A36: 5 | B36: PLACA: MLA67A | C36: 1800000
B37: LINEA: DT 125 MT
B38: COD. FASECOLDA: 09817015
B39: MODELO: 1996
B40: MOTOR: 3TL054830
B41: CHASIS: 3TL054830
B42: MOTOCICLETA: HONDA
A43: 6 | B43: PLACA: NSR31B | C43: 3000000
B44: LINEA: NXR 125(BROS) MT
B45: COD. FASECOLDA: 03417100
B46: MODELO: 2008
B47: MOTOR: JC30E95627691
B48: CHASIS: JC30E95627691
B49: MOTOCICLETA: HONDA
A50: 7 | B50: PLACA: MOD70A | C50: 2600000
B51: LINEA: NXR 125 (BROS) MT
B52: COD. FASECOLDA: 03417100
B53: MODELO: 2004
B54: MOTOR: JC30E84610640
B55: CHASIS:JC30E84610640
B56: MOTOCICLETA: KAWAZAKI
A57: 8 | B57: PLACA: AMW34E | C57: 6400000
B58: LINEA: KLX150J
B59: COD. FASECOLDA: 03417167
B60: MODELO: 2016
B61: CILINDRAJE: 150CC
B62: MOTOR: LX150CEPR9727
B63: CHASIS: 9FLLXRJ14GPJ00218
B64: MOTOCICLETA: KAWAZAKI
A65: 9 | B65: PLACA: VKY63E | C65: 6700000
B66: LINEA: XR 150L
B67: COD. FASECOLDA: 03417167
B68: MODELO: 2019
B69: CILINDRAJE: 150CC
B70: MOTOR: KD07E2378188
B71: CHASIS: 9FMKD072XKF013563
B72: MOTOCICLETA: HONDA
A73: 10 | B73: PLACA: WFG04D | C73: 10900000
B74: LINEA : XTZ250
B75: COD. FASECOLDA: 09817137
B76: MODELO: 2015
B77: MOTOR: G391E011420
B78: CHASIS: 9GKKG041XF2011420
B79: CILINDRAJE: 249
B80: MOTOCICLETA: YAMAHA
A81: 11 | B81: PLACA: WFG05D | C81: 10900000
B82: LINEA : XTZ250
B83: COD. FASECOLDA: 09817137
B84: MODELO: 2015
B85: MOTOR: G391E011429
B86: CHASIS: 9FKKG0416F2011429
B87: CILINDRAJE: 249
B88: MOTOCICLETA: YAMAHA
A89: 12 | B89: PLACA: WFG06D | C89: 10900000
B90: LINEA : XTZ250
B91: COD. FASECOLDA: 09817137
B92: MODELO: 2015
B93: MOTOR: G391E011439
B94: CHASIS: 9FKKG0419F2011439
B95: CILINDRAJE: 249
B96: MOTOCICLETA: YAMAHA
A97: 13 | B97: PLACA: WFG07D | C97: 10900000
B98: LINEA : XTZ250
B99: COD. FASECOLDA: 09817137
B100: MODELO: 2015
B101: MOTOR: G391E0111431
...

Sheet SINIESTRALIDAD
B3: SINIESTRALIDAD PROGRAMA DE SEGUROS ULTIMOS TRES AÑOS
B4: MUNICIPIO DE CARTAGO
B6: VIGENCIA | C6: PRIMA SIN IVA | D6: SINIESTROS PAGADOS | E6: SINIESTROS RESERVADOS | F6: TOTAL SINIESTROS | G6: SINIESTRALIDAD
B7: 2022 - 2023 | C7: =250200476+91154000 -> 341354476 | D7: 96494240 | E7: 102500000 | F7: =D7+E7 -> 198994240 | G7: =F7/C7 -> 0.58295483
B8: 2023 - 2024 | C8: 349384904 | D8: 23000000 | E8: 0 | F8: =D8+E8 -> 23000000 | G8: =F8/C8 -> 0.065829976
B9: PRORROGA 2024 | C9: =125097844 -> 125097844 | D9: 0 | E9: 0 | F9: =D9+E9 -> 0 | G9: =F9/C9 -> 0
B10: 2025 - 2026 | C10: 412056893 | D10: 140274346 | E10: 392396275 | F10: =D10+E10 -> 532670621 | G10: =F10/C10 -> 1.2927113
B11: TOTAL | C11: =SUM(C7:C10) -> 1227894117 | D11: =SUM(D7:D10) -> 259768586 | E11: =SUM(E7:E10) -> 494896275 | F11: =SUM(F7:F10) -> 754664861 | G11: =F11/C11 -> 0.61460093

Sheet TRANSPORTE DE VALORES
A1: ANEXO Nº 7 (ESPECIFICACIONES TECNICAS TRANSPORTE DE VALORES)
A2: TOMADOR: | B2: MUNICIPIO DE CARTAGO
A3: ASEGURADO : | B3: =+B2 -> MUNICIPIO DE CARTAGO
A4: BENEFICIARIO: | B4: =+B2 -> MUNICIPIO DE CARTAGO
A5: NIT | B5: 891.900.493-2
A6: RAMO: | B6: TRANSPORTE DE VALORES
A7: INTERMEDIARIO: | B7: ='Todo Riesgo Daños Materiales'!B7:D7 -> RODRIGO GOMEZ Y CIA
A8: VIGENCIA | B8: ='Todo Riesgo Daños Materiales'!B8:D8 -> DESDE LAS 00:00 HORAS DEL 28 DE JUNIO DE 2026 HASTA LAS 00:00 HORAS DEL 01 DE FEBRERO DE 2027
A9: CONDICIONES MINIMAS REQUERIDAS OBLIGATORIAS
A10: INTERES ASEGURADO | B10: COBERTURAS | K10: VALOR ASEGURADO | M10: TASA | N10: PRIMA NETA ACTUAL
C11: VALOR ASEGURADO | D11: Tasa | E11: PRIMA NETA ACTUAL | G11: VALOR ASEGURADO | H11: Tasa | I11: PRIMA NETA ACTUAL | K11: MINIMO REQUERIDO
A12: Ampara el transporte de dinero y titulos valores desde instalaciiones del asegurado hasta Entidades Bancarias y Viceversa | B12: Básico de valores
B13: Hurto callificado
B14: Deslizamiento de tierra, avalancha , fallas geológicas | C14: 200000000 | D14: 0.04 | E14: =C14*D14 -> 8000000 | G14: 200000000 | H14: 0.05 | I14: =G14*H14 -> 10000000
B15: Caida accidental de mercancías
B16: Volcamiento
B17: Terremoto
B18: PRESUPUESTO ANUA DE MOVILIZACIONES | K18: 1000000000
B19: LIMITE MAXIMO POR DESPACHO | K19: 10000000
K21: PRIMA NETA
K22: IVA
K23: PRIMA TOTAL
A24: CONDICIONES ESPECIALES OBLIGATORIAS
A25: ACTOS DE AUTORIDAD
A26: CLAUSULA DE MENSAJERO PARTICULAR
A27: PERNOCTADA DEL MENSAJERO
A28: TRAYECTOS MULTIPLES
A29: PERMANENCIA DENTRO Y FUERA DE CAJA FUERTE
A30: MOVILIZACION DE EMPLEADOS DE FIRMA ESPECIALIZADA
A31: CONOCIMIENTO DEL RIESGO: Por medio de la presente cláusula, la (s) Compañía(s) Aseguradora(s) declara (n) que conocen los riesgos y por consiguiente dejan constancia del conocimiento y aceptación de las circunstancias y condiciones de los mismos. En conse
A32: CONVENIO PARA EL PLAZO DEL PAGO DE LA PRIMA: No obstante cualquier estipulación en contrario, por la presente cláusula se deja establecido que, de acuerdo con lo estipulado en el artículo 81 de la Ley 45/90 y la Resolución numero 03750 de Diciembre 31/74
A33: REVOCACIÓN , NO RENOVACIÓN O MODIFICACIONES DE LA PÓLIZA Y SUS ANEXOS : La Aseguradora deberá dar aviso por escrito aL ASEGURADO, con una anticipación de sesenta (60) días, en caso que decida modificar, revocar o no renovar esta póliza y/o alguno de sus amparos adicionales o modificar cualquiera de sus condiciones. En caso de revocación la aseguradora devolverá al asegurado, la proporción de prima correspondiente al tiempo que falte para el vencimiento de la Póliza, liquidada a prorrata. Si la revocación es solicitada por EL ASEGURADO , la Aseguradora devolverá el valor de la prima no corrida del riesgo, liquidada a Prorrata.
A34: AVISO DE PÉRDIDA 60 DÍAS: No obstante lo dispuesto en las condiciones la Póliza o en sus anexos, por la presente cláusula se conviene entre las partes, un término sesenta ( 60) días calendario para que el Asegurado de aviso al Asegurador de cualquier evento que afecte a la presente Póliza, contados a partir de la fecha en que haya tenido conocimiento de dicho evento, sin perjuicio de lo establecido en el artículo 1081 del Código de Comercio
A35: DOMICILIO: Sin perjuicios de las disposiciones procesales para los efectos relacionados con el presente contrato, se fija como domicilio de las partes la ciudad de MUNICIPIO DE CARTAGO, en la República de Colombia.
... A41: NOTA: SE DEBE DILIGENCIAR UNICAMENTE LA PARTE SOMBREADA EN GRIS. LAS DEMAS AREAS DEL CUADRO NO DEBEN SER MODIFICADAS
